 Dungeon Crawl Stone Soup version 0.29.1-15-g9cfb28693d (webtiles) character file.

Game seed: 7481131502822895544

1863 javelincjr the Magician (level 8, -15/60 HPs)
             Began as a Demonspawn Hedge Wizard on Mar 27, 2023.
             Shot with an arrow by a centaur warrior (23 damage)
             ... on level 8 of the Dungeon.
             The game lasted 00:47:04 (9372 turns).

javelincjr the Magician (Demonspawn Hedge Wizard)   Turns: 9372, Time: 00:47:05

Health: -15/60     AC: 11    Str: 16    XL:     8   Next: 90%
Magic:  15/15      EV: 19    Int: 17    God:
Gold:   343        SH:  3    Dex: 12    Spells: 7/16 levels left

rFire   . . .      SeeInvis .   G - +6 short sword
rCold   . . .      Faith    .   y - +0 buckler
rNeg    . . .      Spirit   .   v - +5 robe "Mashack" {Str+4}
rPois   .          Reflect  .   c - +0 hat
rElec   .          Harm     .   (no cloak)
rCorr   +          Rampage  .   r - +0 pair of gloves
Will    .....                   b - +2 pair of boots
Stlth   ++........              m - amulet of magic regeneration
HPRegen 0.20/turn               w - ring of wizardry
MPRegen 0.54/turn               d - ring of resist corrosion

@: agile
A: claws 2, repulsion field 1, demonic guardian 1, powered by pain 1
a: no special abilities


You were on level 8 of the Dungeon.
You visited 2 branches of the dungeon, and saw 9 of its levels.

You collected 343 gold pieces.

Inventory:

Hand Weapons
 n - a +1 dagger of venom
 G - a +6 short sword (weapon)
Missiles
 o - a throwing net
 A - 3 poisoned darts
 F - 3 javelins
Armour
 b - a +2 pair of boots (worn)
 c - a +0 hat (worn)
 r - a +0 pair of gloves (worn)
 v - the +5 robe "Mashack" (worn) {Str+4}
   (You found it on level 4 of the Dungeon)

   Str:       It affects your strength (+4).
 x - the +7 scale mail "Oschuofo" {Fly rN+}
   (You found it on level 5 of the Dungeon)

   rN:        It protects you from negative energy.
   Fly:       It grants you flight.
 y - a +0 buckler (worn)
Jewellery
 d - a ring of resist corrosion (right hand)
 m - an amulet of magic regeneration (around neck)
 q - an amulet of regeneration
 w - a ring of wizardry (left hand)
Wands
 B - a wand of light (5)
Scrolls
 e - a scroll of summoning
 h - a scroll of magic mapping
 i - 4 scrolls of fear
 s - a scroll of fog
 u - 2 scrolls of enchant armour
Potions
 a - a potion of degeneration {unknown}
 f - a potion of brilliance {unknown}
 g - 6 potions of curing
 j - 4 potions of flight
 k - a potion of lignification {unknown}
 l - a potion of heal wounds {unknown}
 p - a potion of invisibility {unknown}
 z - a potion of attraction {unknown}
 C - a potion of mutation {unknown}


   Skills:
 + Level 4.0 Fighting
 + Level 3.8 Armour
 + Level 4.2 Dodging
 - Level 1.8 Stealth
 + Level 4.9 Spellcasting
 + Level 4.2 Conjurations
 + Level 4.3 Summonings
 + Level 3.9 Translocations


You had 7 spell levels left.
You knew the following spells:

 Your Spells              Type           Power      Damage    Failure   Level
a - Magic Dart            Conj           72%        1d6       1%          1
b - Call Imp              Summ           19%        N/A       1%          2
c - Blink                 Tloc           34%        N/A       2%          2
d - Mephitic Cloud        Conj/Pois/Air  9%         N/A       13%         3
e - Foxfire               Conj/Fire      44%        2x1d6     3%          1

Your spell library contained the following spells:

 Spells                   Type           Power      Damage    Failure   Level
 Slow                     Hex            16%        N/A       9%          1
 Conjure Flame            Conj/Fire      11%        6-21      10%         3
 Sublimation of Blood     Necr           4%         N/A       12%         2
 Wereblood                Tmut           4%         N/A       12%         2
 Confusing Touch          Hex            4%         N/A       24%         3
 Inner Flame              Hex/Fire       4%         N/A       24%         3
 Vampiric Draining        Necr           4%         2d6       24%         3
 Summon Lightning Spire   Summ/Air       11%        N/A       30%         4
 Flame Wave               Conj/Fire      11%        2d6       32%         4
 Airstrike                Air            2%         2d(1-17)  58%         4
 Animate Dead             Necr           4%         N/A       58%         4
 Lightning Bolt           Conj/Air       5%         1d17      63%         5
 Borgnjor's Vile Clutch   Necr/Erth      2%         N/A       89%         5
 Death Channel            Necr           2%         N/A       100%        6
 Summon Hydra             Summ           9%         N/A       100%        7


Dungeon Overview and Level Annotations

Branches:
Dungeon (8/15)             Temple (1/1) D:6
   Lair: D:8-11

Altars:
Ashenzari
Cheibriados
Dithmenos
Fedhas
Hepliaklqana
Kikubaaqudgha
Makhleb
Nemelex Xobeh
Okawaru
Qazlal
Ru
Trog
Uskayaw
Wu Jian
Yredelemnul

Shops:
D:7 ?

Annotations:
D:5 2 transporters, DemonSlayer's ghost, weakling DsDe


Innate Abilities, Weirdness & Mutations

You have very sharp fingernails.
You are surrounded by a mild repulsion field. (EV +2)
A weak demonic guardian rushes to your aid.
You sometimes gain a little power by taking damage.


Message History

You conjure some foxfire!
The foxfire hits the red ugly thing.
The red ugly thing resists.
The red ugly thing is lightly wounded.
The foxfire hits the red ugly thing.
The red ugly thing resists.
The red ugly thing is lightly wounded.
You conjure some foxfire!
You feel stable enough to blink again.
The foxfire hits the red ugly thing.
The red ugly thing resists.
The red ugly thing is lightly wounded.
The foxfire hits the red ugly thing.
The red ugly thing resists.
The red ugly thing is lightly wounded.
You conjure some foxfire!
The red ugly thing closely misses you.
Casting: Foxfire (safe; 3% risk of failure)
Confirm with . or Enter, or press ? or * to list all spells.
A beastly little devil appears in a puff of frigid air.
The foxfire hits the red ugly thing but does no damage.
The red ugly thing is lightly wounded.
The foxfire hits the red ugly thing.
The red ugly thing resists.
The red ugly thing is lightly wounded.
The foxfire hits the red ugly thing.
The red ugly thing resists.
The red ugly thing is lightly wounded.
The foxfire hits the red ugly thing.
The red ugly thing resists.
The red ugly thing is lightly wounded.
You block the red ugly thing's attack.
Casting: Call Imp (safe; 1% risk of failure)
Confirm with . or Enter, or press ? or * to list all spells.
You blink.
Found a plate armour.
The centaur warrior wields a +0 shortbow.
The centaur warrior shoots an arrow.
The arrow hits you! The red ugly thing trunk-slaps you.
You are engulfed in flames!!
You focus on the pain.
You feel your power returning.
Your white imp gestures at the red ugly thing.
The puff of frost hits the red ugly thing!
The red ugly thing attacks as you move away!
The red ugly thing trunk-slaps you.
You are engulfed in flames!
* * * LOW HITPOINT WARNING * * *
You focus on the pain.
You feel agile all of a sudden.
You feel stable enough to blink again.
The centaur warrior shoots an arrow.
The arrow hits you!!
You die...

... #$....(.... ###
.####..##....##.###...#
...................#..#
......##.#...###.##.#.###
..............c...)#.#..
.......#....#.####..#.#
.#
##....5..u.####....#..#
#..........#........#
#......#.@##..##.#### #
......##.#..#.#.#.##.# .#
.....# ....####.#...##
#.# .....
#....[#(...)..#.##..#
.##.
#.....#.#))###....#§# .
#........)....##.##.## ..
#....................§
......................
............##..###.


You could see a red ugly thing (ally target), a centaur warrior and a friendly
white imp (summoned).

Vanquished Creatures
  A sky beast (D:5)
  An ogre (D:7)
  A centaur (D:6)
  A bullfrog (D:7)
  2 scorpions
  3 wights
  A howler monkey (D:7)
  A hound (D:7)
  2 jellies
  3 gnoll boudas
  3 iguanas
  6 gnolls (D:7)
  4 adders
  A shadow imp (D:8)
  4 white imps
  4 dart slugs
  15 orcs
  6 ball pythons
  2 endoplasms
  3 giant cockroaches
  4 hobgoblins
  2 jackals (D:2)
  2 quokkas
  A bat (D:2)
  3 frilled lizards
  9 goblins
  11 kobolds
  3 rats
99 creatures vanquished.

Vanquished Creatures (collateral kills)
  A black bear (D:7)
  An orc warrior (D:7)
  2 ogres
  2 phantoms
  2 hounds
  2 orc priests
  An iguana (D:4)
  5 gnolls
  3 adders
  A white imp (D:7)
  A dart slug (D:2)
  4 orcs
  2 endoplasms (D:4)
  A giant cockroach (D:2)
  A hobgoblin (D:2)
  A jackal (D:2)
  2 kobolds (D:2)
  2 bats (D:2)
  A rat (D:2)
35 creatures vanquished.

Vanquished Creatures (others)
  130 foxfires
  13 plants
143 creatures vanquished.

Grand Total: 277 creatures vanquished

Notes
Turn   | Place    | Note
-------+----------+-------------------------------------------
     0 | D:1      | javelincjr the Demonspawn Hedge Wizard began the quest for
                  | the Orb.
     0 | D:1      | Reached XP level 1. HP: 13/13 MP: 4/4
   420 | D:1      | Reached skill level 1 in Translocations
   621 | D:1      | Found a faded altar of an unknown god.
   646 | D:1      | Gained mutation: You sometimes gain a little power by
                  | taking damage. [demonic ancestry]
   646 | D:1      | Reached XP level 2. HP: 19/19 MP: 1/6
  1326 | D:2      | Gained mutation: A weak demonic guardian rushes to your
                  | aid. [demonic ancestry]
  1326 | D:2      | Reached XP level 3. HP: 20/25 MP: 0/7
  1329 | D:2      | Learned a level 2 spell: Call Imp
  1332 | D:2      | Learned a level 2 spell: Blink
  1461 | D:2      | Reached skill level 1 in Armour
  1462 | D:2      | Reached skill level 1 in Fighting
  1462 | D:2      | Reached XP level 4. HP: 7/32 MP: 6/8
  3460 | D:4      | Gained mutation: You are surrounded by a mild repulsion
                  | field. (EV +2) [demonic ancestry]
  3460 | D:4      | Reached XP level 5. HP: 13/37 MP: 8/10
  3853 | D:4      | Noticed an ogre
  4208 | D:4      | Identified the +5 robe "Mashack" {Str+4}
  4470 | D:4      | Killed an ogre
  4471 | D:4      | Gained mutation: You have sharp fingernails. [demonic
                  | ancestry]
  4471 | D:4      | Reached XP level 6. HP: 16/44 MP: 11/11
  4903 | D:5      | Entered Level 5 of the Dungeon
  5270 | D:5      | Identified the +2 leather armour "Nuewk" {rPois rCorr
                  | Int+2}
  5384 | D:5      | Identified the +7 scale mail "Oschuofo" {Fly rN+}
  5460 | D:5      | Gained mutation: You have very sharp fingernails. [demonic
                  | ancestry]
  5460 | D:5      | Reached XP level 7. HP: 41/51 MP: 12/12
  5725 | D:5      | Found a transporter.
  5769 | D:5      | Identified the +0 buckler "Nybryged" {+Blink rCorr Dex-4
                  | SInv}
  5772 | D:5      | Noticed DemonSlayer's ghost (weakling DsDe)
  5846 | D:5      | Learned a level 3 spell: Mephitic Cloud
  6086 | D:5      | Found a transporter.
  6309 | D:6      | Found a staircase to the Ecumenical Temple.
  6317 | Temple   | Entered the Ecumenical Temple
  7083 | D:6      | Found a blossoming altar of Fedhas.
  7281 | D:6      | Reached XP level 8. HP: 58/58 MP: 14/14
  8538 | D:6      | Learned a level 1 spell: Foxfire
  8564 | D:7      | Found Irito's Magic Scroll Boutique.
  9354 | D:8      | Noticed a centaur warrior
  9354 | D:8      | Noticed a red ugly thing
  9372 | D:8      | Shot with an arrow by a centaur warrior

Illustrated notes

Levels and vault maps discovered:
D:1:      lightli_arrival_boilingwater, layout_loops_ring,
          ebering_ecumenical_altar_hall
D:2:      layout_rooms
D:3:      layout_basic
D:4:      layout_basic
D:5:      wad_pebble_path, layout_loops_ring, gammafunk_ghost_gnarly_gnolls
D:6:      layout_basic, nicolae_overflow_hidden_temple,
          minmay_temple_entry_glass
D:7:      layout_basic, serial_shops, nicolae_shop_behind_doors
D:8:      layout_rooms, mainiacjoe_overflow_big_doors,
          grunt_lair_entry_orc_guard_hut, minmay_shattered_shrine
Temple:   minmay_temple_bridge_d

Skill      XL: |  1  2  3  4  5  6  7  8 |
---------------+-------------------------+-----
Translocations | 1 2 3 |  3.9
Dodging        | 2 3 4 |  4.2
Armour         | 1 2 3 |  3.8
Fighting       | 1 2 3 4 |  4.0
Summonings     | 2 3 4 |  4.3
Conjurations   | 2 3 4 |  4.2
Spellcasting   | 4 |  4.9
Stealth        | |  1.8

Action                   |  1- 3 |  4- 6 |  7- 9 || total
-------------------------+-------+-------+-------++-------
Melee: Dagger            |    17 |    73 |    79 ||   169
       Hand axe          |       |     4 |       ||     4
       Punch             |       |     3 |       ||     3
       Short sword       |       |       |    26 ||    26
 Cast: Magic Dart        |    49 |   121 |    89 ||   259
       Call Imp          |     2 |    19 |    26 ||    47
       Blink             |     1 |     1 |     3 ||     5
       Mephitic Cloud    |       |       |     7 ||     7
       Foxfire           |       |       |    77 ||    77
  Use: Potion            |     1 |       |       ||     1
       Scroll            |       |       |    13 ||    13
 Stab: Distracted        |       |       |     2 ||     2
       Confused          |       |       |     1 ||     1
       Sleeping          |       |       |     1 ||     1
Armor: Robe              |     3 |    17 |    45 ||    65
Dodge: Dodged            |    36 |    62 |   106 ||   204
Block: Buckler           |       |       |    20 ||    20
